AoeStats
← de one who is win this play

Arena

506447852Analyzed
4v4 RM · 19d ago on Sep 13, 2026· 39m 3s· 8 players
Game mode
Random Map
Map size
Large (8 player)
Population
200
Speed
Normal
Resources
Standard
Victory
Conquest
Starting age
Dark Age
Ending age
Imperial Age
RankedLock teamsTeams togetherTeam positionsShared explorationLock speedFull tech treeHidden civsTurbo modeCheats
Victory
Defeat
🇩🇪 Bulgarians · Germany
1198
+14
🇦🇷 Celts · Argentina
1181
+15
🇦🇷 Byzantines · Argentina
1174
+15
🇯🇵 Persians · Japan
1140
+17
🇪🇸 Spanish · Spain
1197
-17
🇬🇧 Khmer · United Kingdom
1161
-15
🇺🇸 Magyars · United States
1150
-15
1131
-14
RustBuckets
Botgamer928
11:07 Feudal Age
14:53 Castle Age
13:06 Double-Bit Axe
13:45 Gold Mining
13:48 Stone Mining
14:34 Horse Collar
18:08 Heavy Plow
21:06 Loom
25:17 Wheelbarrow
28:18 Hand Cart
33:09 Imperial Age
31:46 Scale Barding Armor
31:51 Forging
32:11 Bloodlines
32:01 Husbandry
32:07 Husbandry
34:41 Conscription
35:19 Iron Casting
35:04 Chain Barding Armor
35:01 Elite Battle Elephant
37:05 Siege Engineers
JaSquall7189
de one who is win this play
Das Frettchen
10:54 Feudal Age
12:17 Loom
14:58 Castle Age
13:14 Double-Bit Axe
15:06 Gold Mining
15:08 Stone Mining
16:04 Bow Saw
23:34 Wheelbarrow
22:54 Horse Collar
25:34 Hand Cart
25:06 Town Watch
25:14 Town Watch
28:07 Fletching
28:42 Town Patrol
31:18 Imperial Age
29:29 Bodkin Arrow
31:37 Gold Shaft Mining
31:34 Capped Ram
32:30 Siege Ram
33:14 Bracer
34:18 Chemistry
33:38 Ballistics
33:04 Onager
34:16 Masonry
34:55 Scale Barding Armor
35:02 Forging
36:54 Iron Casting
36:40 Chain Barding Armor
36:17 Siege Onager
37:19 Murder Holes
38:32 Scale Mail Armor
39:09 Plate Barding Armor
39:34 Blast Furnace
39:40 Plate Barding Armor
happykids
LimAstora2434
DHOKO
Connection lost

Rejoining the realm…

Still unreachable

The connection could not be restored.

Session expired

The server has moved on; the page needs a fresh start.